 Dungeon Crawl Stone Soup version 0.27.0-1-g7a089689b8 (webtiles) character file.

Game seed: 15991921573266429315

0 Descartes the Sneak (level 1, 0/11 HPs)
             Began as a Spriggan Delver on Aug 14, 2021.
             Slain by an adder (2 damage)
             ... on level 4 of the Dungeon.
             The game lasted 00:01:12 (302 turns).

Descartes the Sneak (Spriggan Delver)                Turns: 302, Time: 00:01:12

Health: 0/11       AC:  2    Str:  8    XL:     1   Next: 8%
Magic:  2/2        EV: 17    Int: 11    God:
Gold:   17         SH:  0    Dex: 16    Spells: 0/0 levels left

rFire    . . .     SeeInvis +   a - +0 short sword
rCold    . . .     Faith    .   (shield restricted)
rNeg     . . .     Spirit   .   b - +0 robe
rPois    .         Reflect  .   (helmet restricted)
rElec    .         Harm     .   (no cloak)
rCorr    .         Rampage  .   (gloves unavailable)
Will     .....                  (boots unavailable)
Stlth    ++++......             (no amulet)
HPRegen  0.03/turn              (no ring)
MPRegen  0.08/turn              (no ring)

@: lethally poisoned (0 -> -4), very quick
A: very small, no large weapons, unfitting armour, see invisible, speed 3
a: no special abilities


You were on level 4 of the Dungeon.
You visited 1 branch of the dungeon, and saw 2 of its levels.

You collected 17 gold pieces.

Inventory:

Hand Weapons
 a - a +0 short sword (weapon)
Missiles
 i - 23 bolts
Armour
 b - a +0 robe (worn)
Jewellery
 k - a ring of the Octopus King {MP+9 AC+1 EV+1 Str+1 Int+1 Dex+1}
   (You found it on level 5 of the Dungeon)

   [ring of magical power]

   AC:        It affects your AC (+1).
   EV:        It affects your evasion (+1).
   Str:       It affects your strength (+1).
   Int:       It affects your intelligence (+1).
   Dex:       It affects your dexterity (+1).
   MP:        It affects your magic capacity (+9).
Wands
 g - a wand of digging (3)
Scrolls
 c - a scroll of fog
 d - a scroll of magic mapping
 e - a scroll of fear
 j - 3 scrolls of teleportation {unknown}
Potions
 f - a potion of haste
 h - a potion of heal wounds {unknown}


   Skills:
 - Level 2.4 Fighting
 - Level 2.1 Short Blades
 + Level 2.7 Dodging
 + Level 7.2 Stealth


You couldn't memorise any spells.
You didn't know any spells.
Your spell library contained the following spells:

 Spells                   Type           Power      Damage    Failure   Level
 Ignite Poison            Fire/Tmut/Pois 0%         N/A       71%         3
 Mephitic Cloud           Conj/Pois/Air  0%         N/A       71%         3
 Bolt of Magma            Conj/Fire/Erth 0%         4d4       100%        5


Dungeon Overview and Level Annotations

Branches:
Dungeon (5/15)
 Temple: D:4-7

Altars:
Wu Jian


Innate Abilities, Weirdness & Mutations

You are very small and have problems with some larger weapons.
You are too small for most types of armour.
You have supernaturally acute eyesight. (SInv)
You cover ground extremely quickly. (Speed+++)


Message History

You see here a Trismegistus Codex.
You pick up a Trismegistus Codex and begin reading...
You add the spells Ignite Poison, Mephitic Cloud and Bolt of Magma to your library.
The hound barely misses you. The hound barely misses you.
Found a scroll labelled MADWETHRYTOSE.
Found a stone staircase leading up.
Found a ring of the Octopus King.
You see here a ring of the Octopus King {MP+9 AC+1 EV+1 Str+1 Int+1 Dex+1}.
k - a ring of the Octopus King {MP+9 AC+1 EV+1 Str+1 Int+1 Dex+1} The hound misses you.
The hound closely misses you.
You see here a scroll labelled MADWETHRYTOSE.
There is a stone staircase leading up here.
The hound closely misses you.
You climb upwards.
An adder comes into view.
Found a stone staircase leading up.
There is a stone staircase leading down here.
The adder hisses angrily.
You barely miss the adder. The adder misses you.
You closely miss the adder. The adder closely misses you.
The adder barely misses you.
You hit the adder.
The adder is lightly wounded.
The adder bites you.
You are poisoned.
The adder poisons you!
You hit the adder.
The adder is moderately wounded.
You feel sick. The adder bites you.
You hit the adder.
The adder is heavily wounded.
You feel sick. The adder barely misses you.
You hit the adder but do no damage.
The adder is heavily wounded.
You feel sick. The adder bites you.
* * * LOW HITPOINT WARNING * * *
The adder bites you.
You die...

.# ## .# #.#
.# #.#####.##
##..<....###..
#.#... .....
#...##..##...
#>.@S......
#...##..##...
##.## ..... #.
#.##..# #. ..
.# #. .## # ..
. .. #


You could see an adder.

Vanquished Creatures
  A kobold (D:5)
1 creature vanquished.

Notes
Turn   | Place    | Note
-------+----------+-------------------------------------------
     0 | D:5      | Descartes the Spriggan Delver began the quest for the Orb.
     0 | D:5      | Reached XP level 1. HP: 11/11 MP: 2/2
    37 | D:5      | Noticed a water moccasin
   266 | D:5      | Found an ornate altar of the Wu Jian Council.
   271 | D:5      | Noticed a hound
   284 | D:5      | Found the ring of the Octopus King
   287 | D:5      | Identified a ring of the Octopus King {MP+9 AC+1 EV+1 Str+1
                  | Int+1 Dex+1}
   302 | D:4      | Slain by an adder

Illustrated notes

Levels and vault maps discovered:
D:4:      layout_loops_ring, kennysheep_little_box, elyvilon_altar_1
D:5:      layout_rooms, mainiacjoe_overflow_boulevard,
          nicolae_wu_jian_wuxing_cycle, biasface_ghost_orc_armoury,
          corexii_shack, uniq_sigmund

Action                   || total
-------------------------++-------
Melee: Short sword       ||     7
 Stab: Sleeping          ||     1
Dodge: Dodged            ||     9
